 Dungeon Crawl Stone Soup version 0.23.0 (webtiles) character file.

Game seed: 8076825374891840442

1054 LostNumber the Ruffian (level 8, -1/78 HPs)
             Began as a Troll Air Elementalist on Feb 9, 2019.
             Slain by a hornet (13 damage)
             ... while paralysed by a hornet
             ... on level 5 of the Dungeon.
             The game lasted 00:06:04 (3205 turns).

LostNumber the Ruffian (Troll Air Elementalist)     Turns: 3205, Time: 00:06:04

Health: -1/78      AC:  6    Str: 19    XL:     8   Next: 5%
Magic:  8/8        EV:  1    Int: 11    God:
Gold:   247        SH:  0    Dex: 10    Spells: 8/9 levels left

rFire    . . .     SeeInvis +     - Unarmed
rCold    . . .     Gourm    +   (no shield)
rNeg     . . .     Faith    .   a - +0 robe
rPois    .         Spirit   .   (helmet restricted)
rElec    .         Reflect  .   (no cloak)
rCorr    .         Harm     .   (gloves unavailable)
MR       .....                  (boots unavailable)
Stlth    +.........             (no amulet)
HPRegen  0.63/turn              z - ring of see invisible
MPRegen  0.11/turn              (no ring)

@: paralysed, slowed
A: large, unfitting armour, claws 3, fast metabolism 3, gourmand, regeneration
1, shaggy fur 1, tough skin 3
a: no special abilities


You were on level 5 of the Dungeon.
You were very full.

You visited 1 branch of the dungeon, and saw 5 of its levels.

You collected 247 gold pieces.

Inventory:

Armour
 a - a +0 robe (worn)
Jewellery
 g - an uncursed ring of fire
   (You found it on level 1 of the Dungeon)
 z - a ring of see invisible (left claw)
   (You found it on level 2 of the Dungeon)
Scrolls
 d - 2 scrolls of teleportation {unknown}
 f - a scroll of enchant weapon {unknown}
 h - a scroll of immolation {unknown}
 i - a scroll of noise {unknown}
 j - 6 scrolls of identify {unknown}
 k - 2 scrolls of fog {unknown}
 l - 5 scrolls of remove curse {unknown}
 p - a scroll of blinking {unknown}
 r - a scroll of amnesia {unknown}
 u - a scroll of enchant armour {unknown}
Potions
 b - 3 potions of heal wounds {unknown}
 c - 2 potions of brilliance {unknown}
 m - a potion of lignification {unknown}
 n - a potion of might {unknown}
 q - 3 potions of haste {unknown}
 s - a potion of flight {unknown}
 t - a potion of curing {@q1}
Comestibles
 e - 10 rations {!d}


   Skills:
 + Level 4.3 Fighting
 - Level 1.5 Dodging
 - Level 1.0 Stealth
 * Level 7.6 Unarmed Combat
 - Level 1.2 Spellcasting
 - Level 0.6 Conjurations
 - Level 2.0 Air Magic


You had 8 spell levels left.
You knew the following spells:

 Your Spells              Type           Power        Failure   Level  Hunger
a - Shock                 Conj/Air       #...         19%         1    ##.....

Your spell library contained the following spells:

 Spells                   Type           Power        Failure   Level  Hunger
 Swiftness                Chrm/Air       #.......     32%         2    ###....
 Static Discharge         Conj/Air       #.......     50%         3    ####...
 Airstrike                Air            #.........   80%         4    #####..
 Lightning Bolt           Conj/Air       #.........   99%         5    ######.


Dungeon Overview and Level Annotations

Branches:
Dungeon (5/15)
 Temple: D:4-7

Altars:
Elyvilon
Uskayaw


Innate Abilities, Weirdness & Mutations

You are too large for most types of armour.
You have claws for hands.
Your metabolism is lightning-fast.
You like to eat raw meat.
Your natural rate of healing is unusually fast.
You are covered in fur. (AC +1)
You have extremely tough skin. (AC +3)


Message History

The jackal closely misses you.
You claw the jackal!
You kill the jackal!
You claw the jackal!
You kill the jackal!
You scratch the jackal but do no damage.
The jackal bites you but does no damage.
A hornet comes into view.
The hornet buzzes angrily.
You scratch the jackal. The jackal barely misses you.
The jackal bites you but does no damage.
You scratch the jackal.
You kill the jackal!
The hornet stings you but does no damage. x2
You claw the hornet! The hornet completely misses you.
You scratch the hornet. The hornet stings you!
You feel yourself slow down.
You closely miss the hornet. Your claw misses the hornet.
The hornet stings you!
You feel as though you will be slow longer.
The hornet stings you!
* * * LOW HITPOINT WARNING * * *
You feel as though you will be slow longer.
You are too injured to fight recklessly!
Unknown command.
You are too injured to fight recklessly!
Unknown command.
You are too injured to fight recklessly!
Unknown command.
You are too injured to fight recklessly!
Unknown command.
You are too injured to fight recklessly!
Unknown command.
Unknown command.
You aren't carrying any items that you can evoke.
Unknown command.
Okay, then.
Unknown command.
You barely miss the hornet. The hornet stings you!
* * * LOW HITPOINT WARNING * * *
You feel as though you will be slow longer.
The hornet stings you but does no damage.
Unknown command.
You claw the hornet! The hornet stings you.
* * * LOW HITPOINT WARNING * * *
You suddenly lose the ability to move!
The hornet stings you!
* * * LOW HITPOINT WARNING * * *
You feel as though you will be slow longer.
The hornet stings you!
You die...

## #.#
.#########..#####
.........††......
......y@..#
..........##########
...................##
.#################..#
###########.##
........###..###
................
........####..##
..............#


You could see a hornet.

Vanquished Creatures
  Eustachio (D:4)
  A phantom (D:4)
  2 ogres
  A water moccasin skeleton (D:4)
  A howler monkey (D:4)
  2 hounds (D:4)
  An orc priest (D:3)
  A bullfrog skeleton (D:4)
  An iguana (D:4)
  Natasha (thrice) (D:4)
  6 orc wizards
  2 worker ants
  A hound skeleton (D:4)
  4 adders
  2 oozes (D:1)
  A worm (D:2)
  2 dart slugs
  6 leopard geckos
  15 orcs
  4 ball pythons
  6 giant cockroaches
  7 goblins
  3 hobgoblins (D:1)
  10 jackals
  A quokka (D:4)
  5 bats
  2 frilled lizards
  5 kobolds
  6 rats
102 creatures vanquished.

Notes
Turn   | Place    | Note
-------+----------+-------------------------------------------
     0 | D:1      | LostNumber the Troll Air Elementalist began the quest for
                  | the Orb.
     0 | D:1      | Reached XP level 1. HP: 16/16 MP: 1/1
    55 | D:1      | Reached skill level 1 in Unarmed Combat
    59 | D:1      | Reached XP level 2. HP: 24/26 MP: 2/2
   226 | D:1      | Reached skill level 1 in Fighting
   226 | D:1      | Reached skill level 2 in Unarmed Combat
   337 | D:1      | Reached XP level 3. HP: 24/33 MP: 3/3
   887 | D:2      | Found a hide-covered altar of Uskayaw.
   888 | D:2      | Noticed a +0 hand axe
   889 | D:2      | Noticed a +0 hand axe
  1007 | D:2      | Noticed an ogre
  1016 | D:2      | Killed an ogre
  1016 | D:2      | Reached skill level 3 in Unarmed Combat
  1016 | D:2      | Reached XP level 4. HP: 35/42 MP: 4/4
  1115 | D:2      | Reached XP level 5. HP: 45/49 MP: 5/5
  1461 | D:3      | Reached skill level 4 in Unarmed Combat
  1839 | D:3      | Found a white marble altar of Elyvilon.
  1931 | D:3      | Found a faded altar of an unknown god.
  2122 | D:4      | Reached XP level 6. HP: 59/59 MP: 6/6
  2165 | D:4      | Reached skill level 5 in Unarmed Combat
  2327 | D:4      | Reached XP level 7. HP: 61/67 MP: 7/7
  2374 | D:4      | Noticed Natasha
  2382 | D:4      | Killed Natasha
  2382 | D:4      | Reached skill level 6 in Unarmed Combat
  2505 | D:4      | Noticed Natasha
  2523 | D:4      | Killed Natasha
  2813 | D:4      | Noticed Natasha
  2831 | D:4      | Killed Natasha
  2845 | D:4      | Noticed Eustachio
  2862 | D:4      | Killed Eustachio
  2862 | D:4      | Reached skill level 7 in Unarmed Combat
  2909 | D:4      | Reached XP level 8. HP: 73/78 MP: 5/8
  3171 | D:5      | Entered Level 5 of the Dungeon
  3195 | D:5      | Noticed a hornet
  3204 | D:5      | Paralysed by a hornet for 3 turns
  3205 | D:5      | Slain by a hornet

Skill      XL: |  1  2  3  4  5  6  7 |
---------------+----------------------+-----
Unarmed Combat | 1 2 3 4 5 7 |  7.6
Fighting       | 1 2 3 4 |  4.3
Dodging        | |  1.5
Stealth        | |  1.0
Spellcasting   | |  1.2
Conjurations   | |  0.6
Air Magic      | |  2.0

Action                   |  1- 3 |  4- 6 |  7- 9 || total
-------------------------+-------+-------+-------++-------
Melee: Unarmed           |    59 |   118 |   131 ||   308
       Punch             |     2 |     3 |     4 ||     9
 Stab: Sleeping          |     2 |     3 |       ||     5
  Eat: Chunk             |    15 |    12 |     7 ||    34
Armor: Robe              |    15 |    26 |    32 ||    73
Dodge: Dodged            |    26 |    65 |    52 ||   143
